 Dungeon Crawl Stone Soup version 0.30-a0-586-g23e55c9e0a (webtiles) character file.

Game seed: 1181602213410624604

2459 sokol815 the Covert (level 9, 0/55 HPs)
             Began as an Octopode Brigand on Jan 4, 2023.
             Was an Initiate of Gozag.
             Slain by an ice beast (12 damage)
             ... on level 7 of the Dungeon.
             The game lasted 00:12:01 (4984 turns).

sokol815 the Covert (Octopode Brigand)              Turns: 4984, Time: 00:12:01

Health: 0/55       AC:  1    Str: 10    XL:     9   Next: 50%
Magic:  13/14      EV: 12    Int: 16    God:    Gozag
Gold:   495        SH:  8    Dex: 15    Spells: 11/14 levels left

rFire   . . .      SeeInvis .    a - +1 dagger (venom)
rCold   . . .      Faith    .    e - +3 warlock's mirror {reflect}
rNeg    . . .      Spirit   .    (helmet restricted)
rPois   .          Reflect  +    l - amulet of regeneration
rElec   .          Harm     .    (no ring)
rCorr   .          Rampage  .    (no ring)
Will    .....                    (no ring)
Stlth   +++++                    (no ring)
HPRegen 1.09/turn                (no ring)
MPRegen 0.14/turn                (no ring)
                                 (no ring)
                                 (no ring)

@: gold aura
A: almost no armour, amphibious, 8 rings, camouflage 1, gelatinous body 1,
(nimble swimmer 1), tentacles
a: Renounce Religion, Potion Petition, Call Merchant, Bribe Branch


You were on level 7 of the Dungeon.
You worshipped Gozag.
Gozag was aware of your devotion.
You visited 2 branches of the dungeon, and saw 8 of its levels.

You collected 604 gold pieces.
You paid 109 gold pieces to Gozag.

Inventory:

Hand Weapons
 a - a +1 dagger of venom (weapon)
   (You found it on level 1 of the Dungeon)
 f - a +1 falchion of flaming
   (You took it off an orc on level 4 of the Dungeon)
 g - a +2 dagger
 m - a +2 heavy hand axe
   (You took it off an orc on level 5 of the Dungeon)
 n - the +3 hand axe of Dissolution {chaos, Int+6}
   (You found it on level 2 of the Dungeon)

   Each time it hits an enemy it has a different, random effect.
   Int:       It affects your intelligence (+6).
 t - a +2 flail of draining
   (You took it off an orc priest on level 4 of the Dungeon)
Missiles
 b - 23 poisoned darts
 c - 3 curare-tipped darts
 j - 4 boomerangs
 o - 6 javelins
 r - a throwing net {!d}
 s - 35 stones
Armour
 e - the +3 warlock's mirror (worn) {reflect}
   (You acquired it on level 1 of the Dungeon)

   It can block and reflect piercing ranged attacks and magical attacks against
   the wielder's willpower.
Jewellery
 l - an amulet of regeneration (around mantle)
   (You found it on level 1 of the Dungeon)
Wands
 i - a wand of iceblast (20)
   (You found it on level 6 of the Dungeon)
 v - a wand of light (10)
   (You found it on level 7 of the Dungeon)
 y - a wand of mindburst (17)
   (You found it on level 6 of the Dungeon)
Scrolls
 x - a scroll of poison {!r}
 K - a scroll of immolation {!r}
 Y - 5 scrolls of teleportation {@r3}
Potions
 d - 3 potions of haste {unknown}
 h - 2 potions of degeneration {unknown}
 k - 3 potions of attraction {unknown}
 p - a potion of berserk rage {unknown}
 q - a potion of might {unknown}
 u - a potion of cancellation {unknown}
 B - 2 potions of brilliance
 J - a potion of curing {@q1}
 L - 4 potions of flight


   Skills:
 + Level 2.8 Fighting
 + Level 5.1 Short Blades
 - Level 2.0 Throwing
 - Level 1.0 Dodging
 * Level 9.9 Stealth
 + Level 3.8 Shields
 + Level 3.3 Spellcasting
 * Level 5.3 Conjurations
 * Level 5.3 Earth Magic


You had 11 spell levels left.
You knew the following spells:

 Your Spells              Type           Power      Damage    Failure   Level
x - Stone Arrow           Conj/Erth      38%        3d9       8%          3

Your spell library contained the following spells:

 Spells                   Type           Power      Damage    Failure   Level
 Foxfire                  Conj/Fire      44%        2x1d6     8%          1
 Mephitic Cloud           Conj/Pois/Air  8%         N/A       32%         3
 Cigotuvi's Dreadful Rot  Necr/Pois/Air  4%         N/A       34%         2
 Poisonous Vapours        Pois/Air       4%         N/A       34%         2
 Gell's Gravitas          Tloc           2%         N/A       56%         3
 Lesser Beckoning         Tloc           4%         N/A       56%         3
 Teleport Other           Tloc           2%         N/A       56%         3
 Tukima's Dance           Hex            2%         N/A       56%         3
 Fireball                 Conj/Fire      5%         3d5       91%         5
 Passage of Golubria      Tloc           2%         N/A       92%         4
 Yara's Violent Unravell  Hex/Tmut       1%         3d3       99%         5
 Starburst                Conj/Fire      5%         6d4       100%        6
 Lehudib's Crystal Spear  Conj/Erth      9%         10d4      100%        8
 Animate Armour           Summ/Erth      Unusable   N/A       N/A         4

Dungeon Overview and Level Annotations

Branches:
Dungeon (7/15) Zot: 26703  Temple (1/1) D:6 Zot: 5832

Altars:
Ashenzari
Dithmenos
Elyvilon
Fedhas
Gozag
Kikubaaqudgha
Okawaru
Qazlal
Yredelemnul
Zin

Annotations:
D:7 4 transporters, sirJeffrey23's ghost, novice DECj


Innate Abilities, Weirdness & Mutations

You cannot wear most types of armour.
You are amphibious.
You can wear up to eight rings at the same time.
Your skin changes colour to match your surroundings (Stealth+).
Your rubbery body absorbs attacks. (AC +1, EV +1)
((You are camouflaged when in or above water. (Stealth+)))
You have tentacles for arms and can constrict up to eight enemies at once.


Message History

An iguana comes into view.
You see here a +0 trident.
The iguana hisses angrily.
A shadow imp comes into view.
You hit the iguana but do no damage.
The iguana is poisoned.
You grab the iguana. You constrict the iguana. You block the iguana's attack.
You hit the iguana.
The iguana looks as sick as possible!
You squeeze the iguana, but do no damage.
You constrict the iguana. The iguana barely misses you.
You hit the iguana but do no damage. You squeeze the iguana!
You kill the iguana!
The helpless shadow imp fails to defend itself.
You stick the shadow imp like a pincushion!!!
You kill the shadow imp!
No target in view!
No target in view!
You now have 458 gold pieces (gained 7).
You see here a scroll of poison {!r}.
x - a scroll of poison {!r}
Y - 5 scrolls of teleportation {@r3} (gained 2)
z - a scroll labelled MIMNUYRPHAT
As you read the scroll labelled MIMNUYRPHAT, it crumbles to dust.
Wisps of shadow whirl around you...
It was a scroll of summoning.
As you read the scroll labelled MOFYGUNEDOSS, it crumbles to dust.
It is a scroll of amnesia.
Really abort (and waste the scroll)?
Okay, then.
You swap places.
You now have 474 gold pieces (gained 16).
You swap places.
You now have 477 gold pieces (gained 3).
You now have 490 gold pieces (gained 13).
You swap places.
Your phantom dissolves into shadows!
You swap places.
A water moccasin comes into view.
Okay, then.
Okay, then.
You closely miss the water moccasin. You grab the water moccasin.
You constrict the water moccasin. The water moccasin barely misses you.
Your scorpion stings the water moccasin!
You hit the water moccasin but do no damage.
You constrict the water moccasin.
Your scorpion dissolves into shadows!
The water moccasin barely misses you.
You hit the water moccasin.
The water moccasin is poisoned.
Your squeeze misses the water moccasin. You constrict the water moccasin.
The water moccasin barely misses you. You block the water moccasin's attack.
You hit the water moccasin.
The water moccasin looks as sick as possible!
Your squeeze misses the water moccasin. You constrict the water moccasin.
Your steam dragon breathes steam at the water moccasin.
The ball of steam hits the water moccasin.
The water moccasin is engulfed in a cloud of scalding steam.
The water moccasin dies!
No target in view!
You open the door.
Found an escape hatch in the floor.
Found a stone staircase leading down.
Your steam dragon dissolves into shadows!
You now have 495 gold pieces (gained 5).
There is an open door here.
Menkaure and an ice beast come into view.
Menkaure shouts!
You hit Menkaure. Your grab misses Menkaure.
You squeeze Menkaure, but do no damage.
Menkaure calls on the powers of darkness!
The ice beast convulses!
Your body is wracked with pain!
You take 26 damage, and have 29/55 hp.
MASSIVE DAMAGE!!
You hit Menkaure but do no damage. Your grab misses Menkaure.
You squeeze Menkaure, but do no damage. Menkaure barely misses you.
You hit Menkaure but do no damage. You grab Menkaure.
You constrict Menkaure, but do no damage.
Menkaure closely misses you.
You hit Menkaure but do no damage. You constrict Menkaure.
You hit Menkaure but do no damage. You squeeze Menkaure, but do no damage.
You constrict Menkaure. Menkaure barely misses you.
You hit Menkaure. You constrict Menkaure. Menkaure barely misses you.
You hit Menkaure. You constrict Menkaure. The ice beast closely misses you.
You hit Menkaure. You constrict Menkaure.
You destroy Menkaure!
The ice beast hits you but does no damage.
You hit the ice beast but do no damage. The ice beast hits you.
The ice beast freezes you!
You take 16 damage, and have 19/55 hp.
MASSIVE DAMAGE!!
You hit the ice beast but do no damage. Your squeeze misses the ice beast.
The ice beast hits you. The ice beast freezes you.
* * * LOW HITPOINT WARNING * * *
You take 5 damage, and have 14/55 hp.
You hit the ice beast but do no damage.
You squeeze the ice beast, but do no damage.
Unknown command.
You hit the ice beast but do no damage.
The ice beast is poisoned.
The ice beast hits you.
* * * LOW HITPOINT WARNING * * *
The ice beast freezes you!
You die...
Your body crumbles into a pile of gold.

######### #############
#........ ............#
#........
............####........
............'>..........
............#.##@Y......
............#.##$.......
............#.##........
......#######...........
#.....# #..#########
#.....# #..# #.....#
#..# #.....# #..#
##....#


You could see an ice beast (poisoned).

Vanquished Creatures
  Sigmund (D:6)
  5 yaks
  Menkaure (D:7)
  An orc warrior (D:5)
  A black bear (D:6)
  2 ice beasts
  A kobold brigand (D:6)
  2 necrophages (D:4)
  3 scorpions
  2 howler monkeys
  4 hounds (D:5)
  2 jellies (D:5)
  3 orc priests
  2 iguanas
  2 orc wizards
  5 adders
  A shadow imp (D:7)
  2 worms (D:3)
  3 dart slugs
  21 orcs
  11 endoplasms
  A giant cockroach (D:3)
  3 goblins
  10 hobgoblins
  2 jackals (D:3)
  4 quokkas
  6 ball pythons
  4 bats
  A frilled lizard (D:1)
  9 kobolds
  8 rats
123 creatures vanquished.

Vanquished Creatures (collateral kills)
  A water moccasin (D:7)
1 creature vanquished.

Grand Total: 124 creatures vanquished

Notes
Turn   | Place    | Note
-------+----------+-------------------------------------------
     0 | D:1      | sokol815 the Octopode Brigand began the quest for the Orb.
     0 | D:1      | Reached XP level 1. HP: 14/14 MP: 1/1
    57 | D:1      | Reached XP level 2. HP: 18/19 MP: 2/2
   130 | D:1      | Reached skill level 3 in Short Blades
   198 | D:1      | Identified a scroll of acquirement
   198 | D:1      | Acquired the +3 warlock's mirror {reflect}
   198 | D:1      | Found the +3 warlock's mirror {reflect}
   465 | D:1      | Reached XP level 3. HP: 24/24 MP: 3/3
   798 | D:2      | Identified the +3 hand axe of Dissolution {chaos, Int+6}
  1097 | D:2      | Reached skill level 1 in Shields
  1312 | D:3      | Reached XP level 4. HP: 29/29 MP: 4/4
  1328 | D:3      | Learned a level 3 spell: Stone Arrow
  1601 | D:3      | Reached skill level 6 in Stealth
  1629 | D:3      | Found a broken altar of Ashenzari.
  2221 | D:4      | Noticed a necrophage
  2234 | D:4      | Killed a necrophage
  2235 | D:4      | Reached skill level 1 in Spellcasting
  2235 | D:4      | Reached skill level 1 in Conjurations
  2235 | D:4      | Reached skill level 1 in Earth Magic
  2235 | D:4      | Reached XP level 5. HP: 31/34 MP: 4/6
  2508 | D:4      | Reached XP level 6. HP: 29/39 MP: 7/7
  2690 | D:4      | Reached skill level 2 in Conjurations
  2723 | D:4      | Reached skill level 7 in Stealth
  2723 | D:4      | Reached skill level 2 in Earth Magic
  3076 | D:5      | Entered Level 5 of the Dungeon
  3086 | D:5      | Noticed an ice beast
  3091 | D:5      | Killed an ice beast
  3092 | D:5      | Reached skill level 2 in Shields
  3134 | D:5      | Reached XP level 7. HP: 43/45 MP: 9/9
  3193 | D:5      | Reached skill level 4 in Short Blades
  3311 | D:5      | Reached skill level 2 in Spellcasting
  3314 | D:5      | Reached skill level 3 in Conjurations
  3314 | D:5      | Reached skill level 3 in Earth Magic
  3605 | D:5      | Reached skill level 8 in Stealth
  3605 | D:5      | Reached XP level 8. HP: 21/50 MP: 11/11
  3687 | D:6      | Noticed a yak
  3690 | D:6      | Noticed a yak
  3809 | D:6      | Found a white marble altar of Elyvilon.
  3827 | D:6      | Found a staircase to the Ecumenical Temple.
  3834 | Temple   | Entered the Ecumenical Temple
  3888 | Temple   | Became a worshipper of Gozag Ym Sagoz the Greedy
  3909 | D:6      | Noticed a yak
  3909 | D:6      | Noticed a yak
  3911 | D:6      | Noticed a yak
  3925 | Temple   | HP: 4/50 [yak (18)]
  3926 | Temple   | Killed a yak
  3927 | Temple   | Reached skill level 4 in Earth Magic
  3983 | Temple   | Killed a yak
  3984 | Temple   | Reached skill level 3 in Shields
  3984 | Temple   | Reached skill level 4 in Conjurations
  4019 | D:6      | HP: 9/50 [yak (11)]
  4021 | D:6      | Noticed Sigmund
  4029 | D:6      | Killed Sigmund
  4030 | D:6      | Reached skill level 9 in Stealth
  4239 | D:6      | Reached XP level 9. HP: 53/54 MP: 13/13
  4248 | D:6      | Reached skill level 3 in Spellcasting
  4390 | D:5      | Reached skill level 5 in Conjurations
  4390 | D:5      | Reached skill level 5 in Earth Magic
  4461 | D:6      | Reached skill level 5 in Short Blades
  4726 | D:7      | Found a transporter.
  4745 | D:7      | Found a transporter.
  4754 | D:7      | Noticed a troll
  4755 | D:7      | Noticed sirJeffrey23's ghost (novice DECj)
  4776 | D:7      | Found a transporter.
  4826 | D:7      | Found a transporter.
  4971 | D:7      | Noticed Menkaure
  4980 | D:7      | Killed Menkaure
  4984 | D:7      | HP: 12/55 [ice beast (3)]
  4984 | D:7      | Slain by an ice beast

Illustrated notes

Levels and vault maps discovered:
D:1:      onia_arrival_handbag, layout_basic
D:2:      layout_basic
D:3:      layout_loops_ring, lemuel_tele_altar
D:4:      layout_loops_corners
D:5:      layout_basic, st_stairs_11, minmay_misc_feat_doors, minivault_25
D:6:      layout_basic, mainiacjoe_overflow_concentric_impassable,
          minmay_temple_entry_steel_oval, uniq_sigmund
D:7:      gammafunk_steamed_eel, layout_basic, nicolae_ru_awakened_eye,
          led_sif_pool, gammafunk_ghost_arena, uniq_menkaure
Temple:   hc_temple_tempest_star

Skill      XL: |  1  2  3  4  5  6  7  8  9 |
---------------+----------------------------+-----
Short Blades   | 3 4 5 |  5.1
Shields        | 1 2 3 |  3.8
Stealth        | 6 7 8 9 |  9.9
Spellcasting   | 1 2 3 |  3.3
Conjurations   | 1 2 3 4 5 |  5.3
Earth Magic    | 1 2 3 4 5 |  5.3
Fighting       | |  2.8
Throwing       | |  2.0
Dodging        | |  1.0

Action                   |  1- 3 |  4- 6 |  7- 9 || total
-------------------------+-------+-------+-------++-------
Melee: Dagger            |    59 |    80 |   185 ||   324
       Tentacles         |    12 |    20 |    55 ||    87
       Constrict         |    12 |    16 |    32 ||    60
       Punch             |       |       |     3 ||     3
Throw: Stone             |    10 |       |       ||    10
  Use: Scroll            |     6 |     5 |     4 ||    15
       Potion            |       |       |     1 ||     1
 Stab: Sleeping          |    18 |    12 |     8 ||    38
       Distracted        |       |     1 |     2 ||     3
Armor: Skin              |     3 |     3 |     5 ||    11
Dodge: Dodged            |    24 |    25 |    80 ||   129
Block: Buckler           |     7 |    18 |    51 ||    76
       Reflection        |       |       |     6 ||     6

Table legend: (Time is in decaauts)
 A = Elapsed time spent in this place.
 B = Non-inter-level travel time spent in this place.
 C = Inter-level travel time spent in this place.
 D = Time resting spent in this place.
 E = Time spent auto-exploring this place.
 F = Levels seen in this place.
 G = Mean time per level.
                   A        B        C        D        E       F      G
               +--------+--------+--------+--------+--------+-----+--------+
         Total |   4939 |   4722 |    217 |    174 |   3577 |   8 |  617.4 |
       Dungeon |   4771 |   4583 |    188 |    111 |   3544 |   7 |  681.6 |
        Temple |    167 |    138 |     29 |     63 |     33 |   1 |  167.0 |
               +--------+--------+--------+--------+--------+-----+--------+

Top non-repeatable levels by time:
     D:4: 949 daAuts
     D:3: 808 daAuts
     D:6: 716 daAuts
     D:5: 700 daAuts
     D:2: 677 daAuts
     D:1: 623 daAuts
     D:7: 295 daAuts
  Temple: 167 daAuts

Table legend:
 A = Kills in this place as a percentage of kills in entire the game.
 B = Kills by you in this place as a percentage of kills by you in the entire game.
 C = Kills by friends in this place as a percentage of kills by friends in the entire game.
 D = Other kills in this place as a percentage of other kills in the entire game.
 E = Experience gained in this place as a percentage of experience gained in the entire game.
 F = Experience gained in this place divided by the number of levels of this place that you have seen.
                   A       B       C       D       E      F
               +-------+-------+-------+-------+-------+----------------------
         Total | 100.0 | 100.0 | 100.0 |   N/A | 100.0 | 439.1
       Dungeon |  96.8 |  96.7 | 100.0 |   N/A |  88.9 | 446.0
        Temple |   3.2 |   3.3 |   0.0 |   N/A |  11.1 | 391.0
               +-------+-------+-------+-------+-------+----------------------
